 Dungeon Crawl Stone Soup version 0.31-a0-182-gc5ef74bbde (webtiles) character file.

Game seed: 5660958555569501425

238 Moral the Grave Robber (level 5, -6/28 HPs)
             Began as a Deep Elf Necromancer on June 22, 2023.
             Killed by nerve-wracking pain
             ... invoked by Grinder
              (9 damage)
             ... on level 3 of the Dungeon.
             The game lasted 00:03:50 (2024 turns).

Moral the Grave Robber (Deep Elf Necromancer)       Turns: 2024, Time: 00:03:51

Health: -6/28      AC:  6    Str: 11    XL:     5   Next: 78%
Magic:  3/14       EV: 13    Int: 22    God:
Gold:   88         SH:  0    Dex: 15    Spells: 10/14 levels left

rFire   . . .        (no weapon)
rCold   . . .        (no shield)
rNeg    . . .        g - +0 robe
rPois   .            (no helmet)
rElec   .            (no cloak)
rCorr   .            (no gloves)
SInv    .            (no boots)
Will    .....        (no amulet)
Stlth   +++          h - +4 ring of protection
HPRegen 0.24/turn    k - +6 ring of strength
MPRegen 0.14/turn

%: no passive effects
@: lethally poisoned (-6 -> -8)
A: no striking features
a: no special abilities


You were on level 3 of the Dungeon.
You visited 1 branch of the dungeon, and saw 3 of its levels.

You collected 88 gold pieces.

Inventory:

Armour
 g - a +0 robe (worn)
Jewellery
 h - a +4 ring of protection (left hand)
 k - a +6 ring of strength (right hand)
Scrolls
 a - a scroll of enchant weapon {unknown}
 d - 3 scrolls of revelation {unknown}
 e - 2 scrolls of poison {unknown}
 f - 2 scrolls of identify {unknown}
 i - 2 scrolls of vulnerability {unknown}
 n - a scroll of fear {unknown}
Potions
 b - a potion of magic
 c - a potion of heal wounds {unknown}
 j - a potion of ambrosia {unknown}
 l - 2 potions of degeneration {unknown}
 m - a potion of cancellation {unknown}


   Skills:
 + Level 3.6 Dodging
 + Level 3.8 Stealth
 * Level 5.3 Spellcasting
 * Level 6.3 Necromancy


You had 10 spell levels left.
You knew the following spells:

 Your Spells              Type           Power      Damage    Failure   Level
a - Necrotise             Necr           100%       1d9       1%          1
b - Vampiric Draining     Necr           33%        2d8       2%          3

Your spell library contained the following spells:

 Spells                   Type           Power      Damage    Failure   Level
 Animate Dead             Necr           33%        N/A       7%          4
 Sandblast                Erth           10%        2d5       10%         1
 Shock                    Conj/Air       20%        1d4       10%         1
 Passwall                 Tmut/Erth      4%         N/A       14%         2
 Agony                    Necr           33%        N/A       21%         5
 Stone Arrow              Conj/Erth      10%        3d7       28%         3
 Swiftness                Air            5%         N/A       28%         3
 Airstrike                Air            2%         2d(1-17)  67%         4


Dungeon Overview and Level Annotations

Branches:
Dungeon (3/15)

Altars:

Annotations:
D:3 Grinder


Message History

Press: ? - help, Shift-Dir - straight line, f - adder
Aim: an adder (ally target, chance to affect: 88%)
The adder writhes in agony!
The adder bites you.
* * * LOW HITPOINT WARNING * * *
You are poisoned.
The adder poisons you!
Unknown command.
Casting: Necrotise (safe; 1% risk of failure)
Confirm with . or Enter, or press ? or * to list all spells.
Aiming: Necrotise (safe; 1% risk of failure)
Press: ? - help, Shift-Dir - straight line, f/p - adder
Aim: an adder (almost dead, ally target, chance to affect: 88%)
The adder writhes in agony.
* * * LOW HITPOINT WARNING * * *
You feel sick. The adder bites you.
* * * LOW HITPOINT WARNING * * *
Unknown command.
Unknown command.
Casting: Necrotise (safe; 1% risk of failure)
Confirm with . or Enter, or press ? or * to list all spells.
Aiming: Necrotise (safe; 1% risk of failure)
Press: ? - help, Shift-Dir - straight line, f/p - adder
Aim: an adder (almost dead, ally target, chance to affect: 88%)
The adder writhes in agony!
You kill the adder!
The dead are slithering!
* * * LOW HITPOINT WARNING * * *
You feel sick.
* * * LOW HITPOINT WARNING * * *
You feel sick.
Sigmund hits Grinder but does no damage.
* * * LOW HITPOINT WARNING * * *
You feel sick.
Your adder skeleton bites Grinder but does no damage.
* * * LOW HITPOINT WARNING * * *
You feel sick.
Grinder says, "DUCK!"
Grinder gestures at you. Pain shoots through your body!
You die...

#................#........#.#..#
#................#...###.##....#
.#.....................##..†##...
.#....#########.....Z...##.......
.....##### ####......##Z#.##..
.........# #5Z....##.#.#
.........#########......##..)#
........................+.....
...........)<...@.......##..5.
........................#......
...#....................#.....5
##.#....................#.......
......................?#
....#...................#
...$+...................#
....#...................# ...
#...............


You could see Grinder (ally target), a friendly adder skeleton and the friendly
Sigmund the human skeleton.

Vanquished Creatures
  Sigmund (D:3)
  4 adders
  2 dart slugs
  3 orcs (D:3)
  2 ball pythons
  2 bats (D:1)
  An endoplasm (D:1)
  4 giant cockroaches
  3 goblins
  3 hobgoblins
  3 quokkas
  2 frilled lizards
  5 kobolds
  A rat (D:1)
36 creatures vanquished.

Vanquished Creatures (collateral kills)
  A hobgoblin (D:1)
1 creature vanquished.

Grand Total: 37 creatures vanquished

Notes
Turn   | Place    | Note
-------+----------+-------------------------------------------
     0 | D:1      | Moral the Deep Elf Necromancer began the quest for the Orb.
     0 | D:1      | Reached XP level 1. HP: 10/10 MP: 6/6
   217 | D:1      | Reached skill level 5 in Necromancy
   225 | D:1      | Reached XP level 2. HP: 6/15 MP: 1/8
  1020 | D:2      | Reached XP level 3. HP: 19/19 MP: 6/10
  1110 | D:2      | Found a faded altar of an unknown god.
  1692 | D:2      | Learned a level 3 spell: Vampiric Draining
  1844 | D:3      | Reached XP level 4. HP: 24/24 MP: 8/12
  1994 | D:3      | Noticed Sigmund
  2003 | D:3      | Noticed Grinder
  2005 | D:3      | Killed Sigmund
  2006 | D:3      | Reached skill level 5 in Spellcasting
  2006 | D:3      | Reached skill level 6 in Necromancy
  2006 | D:3      | Reached XP level 5. HP: 7/28 MP: 4/14
  2024 | D:3      | Killed from afar by Grinder

Illustrated notes

Levels and vault maps discovered:
D:1:      amcnicky_arrival_feature_with_door, layout_basic
D:2:      layout_basic, shapermc_ecumenical_altar_mp_highgroup
D:3:      layout_basic, mainiacjoe_overflow_brackets, uniq_crazy_yiuf_cottage,
          uniq_sigmund, uniq_grinder

Skill      XL: |  1  2  3  4 |
---------------+-------------+-----
Necromancy     | 5 6 |  6.3
Stealth        | 3 |  3.8
Spellcasting   | 4 5 |  5.3
Dodging        | 3 |  3.6

Action                     |  1- 3 |  4- 6 || total
---------------------------+-------+-------++-------
  Melee: Unarmed           |     8 |       ||     8
   Cast: Necrotise         |    58 |    15 ||    73
 Armour: Robe              |     7 |       ||     7
  Dodge: Dodged            |    25 |     1 ||    26

Table legend: (Time is in decaauts)
 A = Elapsed time spent in this place.
 B = Non-inter-level travel time spent in this place.
 C = Inter-level travel time spent in this place.
 D = Time resting spent in this place.
 E = Time spent auto-exploring this place.
 F = Levels seen in this place.
 G = Mean time per level.
                   A        B        C        D        E       F      G
               +--------+--------+--------+--------+--------+-----+--------+
         Total |   2022 |   1966 |     56 |     58 |   1656 |   3 |  674.0 |
       Dungeon |   2022 |   1966 |     56 |     58 |   1656 |   3 |  674.0 |
               +--------+--------+--------+--------+--------+-----+--------+

Top non-repeatable levels by time:
     D:1: 908 daAuts
     D:2: 789 daAuts
     D:3: 324 daAuts
